AoeStats
← RIO1000

Enclosed

506516099Analyzed
1v1 RM · 20d ago on Sep 13, 2026· 22m 59s· 2 players
Game mode
Random Map
Map size
Tiny (2 player)
Population
200
Speed
Normal
Resources
Standard
Victory
Conquest
Starting age
Dark Age
Ending age
Imperial Age
RankedLock teamsTeams togetherTeam positionsShared explorationLock speedFull tech treeHidden civsTurbo modeCheats
Victory
Defeat
🇺🇸 Armenians · United States
887
+15
🇲🇽 Poles · Mexico
870
-15
RIO1000
5:50 Loom
10:40 Feudal Age
15:38 Castle Age
19:19 Fletching
21:49 Forging
21:42 Double-Bit Axe
payytor
2:04 Loom
11:17 Feudal Age
11:22 Man-at-Arms
12:06 Long Swordsman
16:08 Scale Mail Armor
17:46 Forging
19:06 Double-Bit Axe
22:42 Castle Age
22:26 Fletching
Connection lost

Rejoining the realm…

Still unreachable

The connection could not be restored.

Session expired

The server has moved on; the page needs a fresh start.